Construct Medical Station
M1918 Browning Automatic Rifles
Selects Airborne Battlegroup
Selects Heavy Machine Gun Paradrop
Selects Paratrooper Squad Paradrop
Paratrooper Squad Paradrop
Construct Weapon Support Center
Selects Anti-tank Gun Team Paradrop
Anti-tank Gun Team Paradrop
Selects Smoke Bombing Run
Anti-tank Gun Team Paradrop
Heavy Machine Gun Paradrop
M3 Armored Personnel Carrier
Selects Dual P-47 Rocket Strike